 Dungeon Crawl Stone Soup version 0.29.1-12-g30fa7ad0bf (webtiles) character file.

Game seed: 7231146750518909543

11 hawla the Chiller (level 2, -1/20 HPs)
             Began as a Meteoran Ice Elementalist on Dec 15, 2022.
             Slain by a rat (2 damage)
             ... on level 2 of the Dungeon.
             The game lasted 00:01:35 (198 turns).

hawla the Chiller (Meteoran Ice Elementalist)        Turns: 198, Time: 00:01:37

Health: -1/20      AC:  2    Str:  9    XL:     2   Next: 52%
Magic:  6/6        EV: 12    Int: 16    God:
Gold:   36         SH:  0    Dex: 14    Spells: 5/6 levels left

rFire   . . .      SeeInvis .   (no weapon)
rCold   . . .      Faith    .   (no shield)
rNeg    . . .      Spirit   .   a - +0 robe
rPois   .          Reflect  .   (no helmet)
rElec   .          Harm     .   (no cloak)
rCorr   .          Rampage  .   (no gloves)
Will    .....                   (no boots)
Stlth   +.........              (no amulet)
HPRegen 0.06/turn               (no ring)
MPRegen 0.10/turn               (no ring)

@: mighty, glowing
A: sense surroundings 1, otherworldly, glowing, explore regen
a: no special abilities


You were on level 2 of the Dungeon.
You visited 1 branch of the dungeon, and saw 2 of its levels.

You collected 36 gold pieces.

Inventory:

Armour
 a - a +0 robe (worn)


   Skills:
 + Level 2.7 Dodging
 - Level 1.4 Stealth
 + Level 2.8 Spellcasting
 + Level 4.8 Ice Magic


You had 5 spell levels left.
You knew the following spells:

 Your Spells              Type           Power      Damage    Failure   Level
a - Freeze                Ice            68%        1d8       2%          1

Your spell library contained the following spells:

 Spells                   Type           Power      Damage    Failure   Level
 Frozen Ramparts          Ice            34%        1d6       8%          3
 Ozocubu's Armour         Ice            17%        N/A       8%          3
 Hailstorm                Conj/Ice       9%         3d4       56%         4


Dungeon Overview and Level Annotations

Branches:
Dungeon (2/15) Zot: 1000

Altars:

Annotations:
D:2 Sigmund


Innate Abilities, Weirdness & Mutations

You passively map a small area around you.
You are easily found by Zot.
You glow in the dark.
You regain HP and MP as you explore.


Message History

The jackal closely misses you. The jackal bites you.
* * * LOW HITPOINT WARNING * * *
The rat attacks as you move away! The rat misses you.
The rat attacks as you move away! The rat closely misses you.
The jackal attacks as you move away! The jackal barely misses you.
The jackal closely misses you.
Casting: Freeze (safe; 2% risk of failure)
Confirm with . or Enter, or press ? or * to list all spells.
Aiming: Freeze (safe; 2% risk of failure)
Press: ? - help, Shift-Dir - straight line, f - adder
Aim: an adder You freeze the adder.
The adder is moderately wounded.
The adder seems to slow down.
The rat bites you.
* * * LOW HITPOINT WARNING * * *
Casting: Freeze (safe; 2% risk of failure)
Confirm with . or Enter, or press ? or * to list all spells.
Aiming: Freeze (safe; 2% risk of failure)
Press: ? - help, Shift-Dir - straight line, f/p - adder
Aim: an adder (moderately wounded, slow)
You freeze the adder.
The adder is almost dead.
The adder seems to slow down.
Your butterfly disappears in a burst of colours!
The jackal bites you but does no damage.
The adder closely misses you. The jackal bites you.
* * * LOW HITPOINT WARNING * * *
The jackal closely misses you. The rat bites you.
* * * LOW HITPOINT WARNING * * *
You feel very mighty all of a sudden.
You feel your willpower return. The adder bites you but does no damage.
The jackal pauses to sniff the ground.
The jackal bites you but does no damage.
The rat closely misses you. Magic courses through your body.
The jackal bites you.
* * * LOW HITPOINT WARNING * * *
The jackal barely misses you. The quokka closely misses you.
The adder barely misses you. The rat bites you.
You die...

..............#........
..........)...#.....#*
.#+####†##.w........#
.* #...######.....# .,
,,#...# ##....# , .
,#..w# ##w...# * , .
##... #.h.### . #...#
#Srr.# * ##... * #h@h.#
, * #....# ,,
#....#########
#..r.#b....... , ,
,#...<'..r..# *
#....#."../..# ,
####.#.......+
#..###....#* , , , ,...
, ....#


You could see a worm, an adder (slow), 2 quokkas, 3 jackals and a rat.

Vanquished Creatures
  2 endoplasms (D:1)
  A giant cockroach (D:2)
  A jackal (D:2)
  A kobold (D:2)
  A quokka (D:2)
  2 ball pythons
  A bat (D:1)
  A frilled lizard (D:1)
10 creatures vanquished.

Notes
Turn   | Place    | Note
-------+----------+-------------------------------------------
     0 | D:1      | hawla the Meteoran Ice Elementalist began the quest for the
                  | Orb.
     0 | D:1      | Reached XP level 1. HP: 14/14 MP: 5/5
    69 | D:1      | Found a faded altar of an unknown god.
   127 | D:1      | Reached XP level 2. HP: 18/20 MP: 6/6
   170 | D:2      | Noticed Sigmund
   196 | D:2      | HP: 1/20 [rat (1)]
   198 | D:2      | Slain by a rat

Illustrated notes

Levels and vault maps discovered:
D:1:      lightli_arrival_windingriver, layout_rooms,
          hellmonk_ecumenical_altar_heavens_door, minmay_cut_off
D:2:      layout_basic, serial_curves, eino_curves_02, eino_curves_01,
          eino_curves_04, uniq_sigmund

Action                   || total
-------------------------++-------
Melee: Unarmed           ||     1
 Cast: Freeze            ||    16
  Use: Scroll            ||     4
       Potion            ||     2
Armor: Robe              ||     6
Dodge: Dodged            ||    19
